 Dungeon Crawl Stone Soup version 0.30.1-11-g7821555f0a (webtiles) character file.

Game seed: 10959535063797846434

465 monsoonserge the Ruffian (level 6, -1/62 HPs)
             Began as a Troll Fighter on Nov 18, 2023.
             Slain by a hobgoblin (3 damage)
             ... on level 4 of the Dungeon.
             The game lasted 00:05:29 (2275 turns).

monsoonserge the Ruffian (Troll Fighter)            Turns: 2275, Time: 00:05:29

Health: -1/62      AC:  4    Str: 25    XL:     6   Next: 80%
Magic:  5/5        EV:  9    Int:  6    God:
Gold:   154        SH:  9    Dex: 15    Spells: 5/5 levels left

rFire   . .          .
                       - Unarmed
rCold   . . .        b - +0 kite shield
rNeg    . . .        a - +0 robe
rPois   .            (helmet restricted)
rElec   .            (no cloak)
rCorr   .            (gloves unavailable)
SInv    .            (boots unavailable)
Will    .....        (no amulet)
Stlth   +            h - +6 ring of dexterity
HPRegen 1.10/turn    (no ring)
MPRegen 0.09/turn

%: no passive effects
@: mighty
A: large, unfitting armour, claws 3, regeneration 1, shaggy fur 1, tough skin 1
a: no special abilities


You were on level 4 of the Dungeon.
You visited 2 branches of the dungeon, and saw 6 of its levels.

You collected 154 gold pieces.

Inventory:

Missiles
 m - 2 javelins (quivered)
Armour
 a - a +0 robe (worn)
 b - a +0 kite shield (worn)
Jewellery
 h - a +6 ring of dexterity (left claw)
Scrolls
 d - 4 scrolls of teleportation
 e - 4 scrolls of identify {unknown}
 g - a scroll of immolation {unknown}
 k - 2 scrolls of brand weapon {unknown}
 o - a scroll of blinking {unknown}
 p - a scroll of fog {unknown}
 q - a scroll of enchant armour {unknown}
Potions
 f - 3 potions of degeneration {unknown}
 i - a potion of ambrosia {unknown}
 j - a potion of magic {unknown}
 l - a potion of berserk rage {unknown}
 n - 2 potions of curing {unknown}


   Skills:
 + Level 3.7 Fighting
 - Level 2.7 Dodging
 + Level 4.1 Shields
 * Level 5.3 Unarmed Combat


You had 5 spell levels left.
You didn't know any spells.
Your spell library contained the following spells:

 Spells                   Type           Power      Damage    Failure   Level
 Foxfire                  Conj/Fire      0%         2x1d4     71%         1


Dungeon Overview and Level Annotations

Branches:
Dungeon (5/15)             Temple (1/1) D:5

Altars:
Ashenzari
Kikubaaqudgha
Nemelex Xobeh
Okawaru
Qazlal
Ru
Sif Muna
Trog
Zin
The Shining One

Shops:
D:2 [

Annotations:
D:4 Ijyb, Robin


Innate Abilities, Weirdness & Mutations

You are too large for most types of armour.
You have claws for hands.
Your natural rate of healing is unusually fast.
You are covered in fur. (AC +1)
You have tough skin. (AC +1)


Message History

You block the iguana's attack.
You open the door. You block the goblin's attack.
Ijyb drinks a potion.
Ijyb seems to grow stronger.
You block the iguana's attack.
You barely miss the hobgoblin. You block the hobgoblin's attack.
You block the iguana's attack. The hobgoblin hits you.
You scratch the hobgoblin but do no damage.
Robin says, "Duck!"
You block the hobgoblin's attack.
The hobgoblin hits you but does no damage.
The iguana bites you!
You closely miss the hobgoblin. You block Ijyb's attack.
The hobgoblin hits you. Robin throws Ijyb at you! The iguana bites you!
* * * LOW HITPOINT WARNING * * *
You barely miss the hobgoblin. You block Ijyb's attack.
The goblin barely misses you. The hobgoblin closely misses you.
You block the iguana's attack. The hobgoblin hits you.
* * * LOW HITPOINT WARNING * * *
Unknown command.
You feel very mighty all of a sudden. The iguana barely misses you.
You block the goblin's attack. You block Ijyb's attack. The hobgoblin hits you.
* * * LOW HITPOINT WARNING * * *
The hobgoblin hits you.
* * * LOW HITPOINT WARNING * * *
The hobgoblin hits you.
* * * LOW HITPOINT WARNING * * *
A hobgoblin comes into view.
You claw the hobgoblin!
You kill the hobgoblin!
You block the hobgoblin's attack. You block Ijyb's attack.
The hobgoblin hits you but does no damage.
The iguana misses you.
Robin says, "A pitiful Troll like you will never find the ORB!"
Robin throws the goblin at you!
* * * LOW HITPOINT WARNING * * *
The goblin hits you but does no damage.
You closely miss the goblin. Ijyb hits you with a +0 club.
* * * LOW HITPOINT WARNING * * *
You block the hobgoblin's attack. The hobgoblin hits you.
You die...

... ##...## ##.#
##.....## ##..#
##.......##
#####...####.........#
...........'.........+
#####...####.....)...#
##..# ##....)..####
##.# ##.gglg..... #.#
##g@g##.... #># ##g##
... #.# #.# .. #.# ..#
#># .## #.# #. #.# #.
#.# #. #..


You could see Ijyb (strong), an iguana, Robin, 3 hobgoblins and a goblin.

Vanquished Creatures
  A scorpion (D:5)
  A howler monkey (D:5)
  A jelly (D:5)
  An orc priest (D:5)
  A sleepcap (D:5)
  An iguana (D:5)
  Natasha (twice) (D:2)
  4 orc wizards
  3 adders (D:5)
  2 worms (D:2)
  9 orcs
  A ball python (D:1)
  5 bats
  5 endoplasms
  5 giant cockroaches
  10 goblins
  6 hobgoblins
  5 kobolds
  4 quokkas
  2 frilled lizards (D:1)
  7 rats
76 creatures vanquished.

Notes
Turn   | Place    | Note
-------+----------+-------------------------------------------
     0 | D:1      | monsoonserge the Troll Fighter began the quest for the Orb.
     0 | D:1      | Reached XP level 1. HP: 22/22 MP: 0/0
    58 | D:1      | Reached XP level 2. HP: 29/29 MP: 1/1
   713 | D:2      | Reached XP level 3. HP: 36/36 MP: 2/2
   720 | D:2      | Found Enkitz's Armour Boutique.
   852 | D:2      | Found a faded altar of an unknown god.
   852 | D:2      | Noticed Natasha
   865 | D:2      | Killed Natasha
   866 | D:2      | Reached skill level 3 in Unarmed Combat
   877 | D:2      | Got Plato's Handbook of Striking
   906 | D:2      | Reached XP level 4. HP: 44/44 MP: 3/3
  1407 | D:2      | Noticed Natasha
  1416 | D:2      | Killed Natasha
  1611 | D:3      | You fall into a shaft and drop 2 floors!
  1611 | D:5      | Entered Level 5 of the Dungeon
  1617 | D:5      | Found a broken altar of Ashenzari.
  1631 | D:5      | Noticed a scorpion
  1633 | D:5      | Reached skill level 4 in Unarmed Combat
  1633 | D:5      | Reached XP level 5. HP: 51/53 MP: 4/4
  1666 | D:5      | Reached XP level 6. HP: 47/61 MP: 5/5
  1844 | D:5      | Reached skill level 5 in Unarmed Combat
  2097 | D:5      | Found a staircase to the Ecumenical Temple.
  2106 | Temple   | Entered the Ecumenical Temple
  2177 | D:5      | Found a sparkling altar of Nemelex Xobeh.
  2260 | D:4      | Noticed Ijyb
  2263 | D:4      | Noticed Robin
  2275 | D:4      | HP: 2/62 [Ijyb/+0 club (4)]
  2275 | D:4      | Slain by a hobgoblin

Illustrated notes

Levels and vault maps discovered:
D:1:      zelgadis_glass_arrival_small, layout_loops_cross,
          minmay_misc_feat_nine_boxes, grunt_decor_junction
D:2:      layout_loops_corners, serial_shops, shop,
          shapermc_ecumenical_altar_rom_forum, minmay_split_cup_large,
          uniq_natasha
D:3:      layout_basic, nicolae_overflow_hidden_temple
D:4:      layout_loops_corners, lemuel_zombie_altar_yredelemnul,
          nicolae_goblin_pals
D:5:      layout_loops_corners, kennysheep_mini, evilmike_ruin_ashenzari,
          temple_hall, minmay_chambers_of_fives
Temple:   hellmonk_temple_micro_hex

Skill      XL: |  1  2  3  4  5  6 |
---------------+-------------------+-----
Shields        | 3 4 |  4.1
Unarmed Combat | 3 4 5 |  5.3
Fighting       | 3 |  3.7
Dodging        | |  2.7

Action                     |  1- 3 |  4- 6 || total
---------------------------+-------+-------++-------
  Melee: Unarmed           |    95 |   121 ||   216
    Use: Scroll            |       |     1 ||     1
         Potion            |       |     1 ||     1
   Stab: Sleeping          |     2 |     2 ||     4
 Armour: Robe              |    35 |    37 ||    72
  Dodge: Dodged            |    33 |    38 ||    71
  Block: Kite shield       |    28 |    65 ||    93
